slyhack, chaotic female human Rogue ---- --.|.-------- |......))...| --- |..|..)----.--- ------..| ---..--).| |...| |..--...----......--- ---.--- |........||......-- |....--- -. | --- -.......- |-....-| --.|...| |... --.. ..| ........ |.<...)| ----..| -........--.---.....- ---.|....| |.-- |.............|.....| |.).|-.--- |.| |.............%@....---)------ |.| ----..........G.........| |.| ..............................|...(.....- |.--- ------------.-..G....-|...%)..|..| |...-- .........-----.%^|.|--- --....| |........--- |...|.| |.....| |......-- ---.|.- |..|.-- --..... |... ------ ---.-- ---. -- --- slyhack the Cutpurse Experience level: 4 Strength: 17 Dexterity: 18 Constitution: 12 Intelligence: 10 Wisdom: 8 Charisma: 10 Health: 0(29) Energy: 19(19) Def: 6 Gold: 97 Moves: 744 Dungeon seed: 93lvJj39whvTWXBg Game ID: slyhack_1480953113 Your Inventory: Coins $ - 97 gold pieces Weapons a - a +0 dagger named Biter (weapon in hand) b - 8 +0 daggers (in quiver) p - 2 +0 daggers w - a cursed -1 arrow Armor e - an uncursed +1 leather armor (being worn) n - an uncursed +0 orcish helm (being worn) q - an uncursed +0 dwarvish cloak (being worn) r - an uncursed +0 pair of iron shoes (being worn) y - an uncursed +0 dwarvish cloak N - a blessed +1 dwarvish cloak Comestibles t - an uncursed lichen corpse z - an uncursed tin of green mold Wands l - a wand of cancellation (0:4) Tools g - an uncursed blindfold k - an uncursed lock pick s - a can of grease (0:23) u - 8 uncursed wax candles (0:400) x - 7 uncursed tallow candles (0:200) A - a +0 pick-axe B - an uncursed sack Gems Y - an uncursed worthless piece of orange glass Contents of the sack: 145 gold pieces an uncursed scroll of identify an uncursed potion of sickness an uncursed potion of speed an uncursed ring of stealth an uncursed luckstone an uncursed worthless piece of green glass Spells and supernatural/magical abilities: Name Level Category Fail Memory W - pray for help -- divine ? -- Your skills at the end: Fighting Skills wands [Basic] Weapon Skills dagger [Basic] short sword [Basic] Spellcasting Skills Final Attributes: You were piously aligned. You were stealthy. You are dead. Vanquished creatures: a dwarf lord a gnome lord a kitten 2 dwarves a hobgoblin 7 gnomes a jackal a goblin 2 grid bugs a lichen a newt 19 creatures vanquished. Voluntary challenges: You were an atheist. You used a wielded weapon 31 times, starting on turn 23. You were illiterate. You never genocided any monsters. You never polymorphed an object. You never changed form. You used no wishes. You never split a pudding. You never wrote Elbereth's name. You never violated your personal moral code. Dungeon overview: The Dungeons of Doom: levels 1 to 3 Level 1 a sink a long staircase Level 2 stairs to The Gnomish Mines Level 3 The Gnomish Mines: Level 3 <- You were here stairs to The Dungeons of Doom History has recorded: On T:1 you entered the Dungeons of Doom to retrieve the Amulet of Yendor! On T:22 you reached level 2 of The Dungeons of Doom. On T:376 you reached level 1 of The Gnomish Mines. On T:464 you advanced to experience level 2. On T:468 you reached level 3 of The Dungeons of Doom. On T:599 you advanced to experience level 3. On T:672 you advanced to experience level 4. Score breakdown: Gold: 242 ( 8115 points) Experience: 4 levels ( 9649 points) Exploration: 3 levels ( 6.38%) ( 6255 points) Discoveries: 0 items ( 0.00%) ( 0 points) Valuables value: (no points given unless you survive) Artifact value: 0 ( 0 points) Variety of kills: 11 monsters ( 2.87%) ( 5084 points) Turncount: 744 turns ( 0 points) Survival: died (score multiplied by 80%) Total score: 23282 Latest messages: N - a hooded cloak. u - 2 candles. Y - an orange gem. You see here a pick-axe. C - a pick-axe. The gnome lord picks up 2 +0 daggers from the floor. You drop a pick-axe. C - a pick-axe. You drop a pick-axe. The gnome lord wields a +0 dagger! You hit the gnome lord. The gnome lord thrusts his dagger at you. The gnome lord hits! You hit the gnome lord. (2x) The gnome lord thrusts his dagger at you. The gnome lord hits! You hit the gnome lord. The gnome lord thrusts his dagger at you. The gnome lord hits! You die... Final status: Goodbye slyhack the Rogue, killed by a gnome lord... You died in The Gnomish Mines on dungeon level 3 with 23282 points, and 242 pieces of gold, after 744 moves. You were level 4 with a maximum of 29 hit points when you died.